 Dungeon Crawl Stone Soup version 0.15-a0-2172-g9ff0d5b (webtiles) character file.

921 Herrn the Skirmisher (level 8, -4/42 HPs)
             Began as a Vine Stalker Fighter on July 21, 2014.
             Was a Follower of Cheibriados.
             Slain by an orc warrior
             ... wielding a +0 glaive
              (16 damage)
             ... on Level 6 of the Dungeon.
             The game lasted 00:09:57 (4300 turns).

Herrn the Skirmisher (Vine Stalker Fighter)         Turns: 4300, Time: 00:09:57

HP  -4/42        AC  7     Str 21      XL: 8   Next: 10%
MP   0/18        EV  6     Int  9      God: Cheibriados [*.....]
Gold 147         SH 10     Dex 17      Spells:  0 memorised, 13 levels left

rFire  + . .     SeeInvis .     a - +0 war axe
rCold  x . .     Clarity  +     b - +0 scale mail
rNeg   + . .     rCorr    .     c - +0 shield
rPois  .         rRot     +     (no helmet)
rElec  .         Spirit   +     (no cloak)
SustAb .         Warding  .     (no gloves)
rMut   .         Stasis   .     (no boots)
Gourm  .                        u - amulet "Shroplane" {Clar rN+ Dex-1 Int-1}
MR     +....                    (no ring)
                                k - ring of fire

@: very slow, somewhat resistant to hostile enchantments, extremely unstealthy
A: fangs 3, regeneration 2, magic shield, antimagic bite, no device heal 3, rot
immunity
a: Bend Time, Renounce Religion


You were on level 6 of the Dungeon.
You worshipped Cheibriados.
Cheibriados was aware of your devotion.
You were not hungry.

You visited 2 branches of the dungeon, and saw 7 of its levels.

You collected 147 gold pieces.

Inventory:

Hand weapons
 a - a +0 war axe (weapon)
Armour
 b - a +0 scale mail (worn)
 c - a +0 shield (worn)
Comestibles
 d - 3 bread rations
 r - 3 meat rations
 s - 3 fruits
 A - 4 chunks of orc flesh
Scrolls
 e - a scroll of random uselessness {unknown}
 j - 2 scrolls of noise {unknown}
 m - 2 scrolls of remove curse {unknown}
 n - 3 scrolls of teleportation {unknown}
 o - 2 scrolls of blinking {unknown}
 p - a scroll of enchant armour
 v - a scroll of fear {unknown}
Jewellery
 h - a +3 ring of strength {unknown}
 k - a ring of fire (left hand)
 l - an uncursed amulet of clarity
 u - the amulet "Shroplane" (around neck) {Clar rN+ Dex-1 Int-1}
   (You found it on level 5 of the Dungeon)

   [amulet of clarity]

   It provides mental clarity.
   It affects your intelligence (-1).
   It affects your dexterity (-1).
   It protects you from negative energy.
Potions
 f - 2 potions of agility
 g - 2 potions of curing {unknown}
 i - a potion of beneficial mutation
 q - a potion of flight
 t - a potion of invisibility
 w - a potion of brilliance


   Skills:
 * Level 4.8 Fighting
 * Level 4.0 Axes
 + Level 4.1 Armour
 + Level 2.2 Dodging
 + Level 3.6 Shields
 * Level 3.0 Spellcasting


You had 13 spell levels left.
You didn't know any spells.

Dungeon Overview and Level Annotations

Branches:
Dungeon (6/15)             Temple (1/1) D:4

Altars:
Cheibriados
Dithmenos
Fedhas
Gozag
Kikubaaqudgha
Makhleb
Nemelex Xobeh
Qazlal
Sif Muna
Trog
Vehumet
Xom
Yredelemnul
The Shining One

Annotations:
D:3 exclusion: oklob plant
D:6 Ijyb


Innate Abilities, Weirdness & Mutations

You have razor-sharp teeth.
You heal very quickly.
When hurt, damage is shared between your health and your magic reserves.
Your bite disrupts and absorbs the magic of your enemies.
Potions and wands cannot restore your health.
You are immune to rotting.


Message History

You kill the bat!
Cheibriados thoroughly appreciates the change of pace.
Cheibriados raises the support of your attributes as your movement slows.
Magic restored.
An orc warrior comes into view. It is wielding a glaive.
The orc warrior shouts!
The orc warrior moves out of view.
Found a snail-covered altar of Cheibriados. 3 orcs and Ijyb come into view.
Ijyb shouts!
The orc shouts!
The orc shouts!
Found a blue potion.
An orc comes into view. It is wielding a war axe.
Some of the chunks of flesh in your inventory have rotted away.
The orc warrior hits you with a glaive!!
The orc warrior hits you with a glaive!
* * * LOW HITPOINT WARNING * * *
You barely miss the orc warrior.
Ijyb screams, "Get away!"
The orc warrior hits you with a glaive!!
You die...

#.....# #....# .........
#.....####....# #...o.o....
#......%<#....# #....g....#
#.....####....# #....o....#
#........#....# #....o_..#
#........#....# #!.......#
#.............# #........#
#.............##########..######
#.....#.........@oooog...........
#.....#....#####################
#######....# #....# ######


You could see an orc warrior, Ijyb and 3 orcs.

Vanquished Creatures
  A hippogriff (D:6)
  An ogre (D:4)
  A phantom (D:4)
  A scorpion (D:4)
  A goliath beetle (D:6)
  A giant frog zombie (D:5)
  A hound (D:5)
  An orc priest (D:4)
  A jelly (D:5)
  An orc wizard (D:4)
  4 worker ants
  An iguana (D:5)
  6 adders
  An orc zombie (D:5)
  8 gnolls
  A giant mite (D:2)
  3 worms
  6 orcs
  2 ball pythons
  10 bats
  7 giant cockroaches
  10 goblins
  10 hobgoblins
  3 jackals (D:4)
  A quokka (D:2)
  6 giant newts
  A hobgoblin skeleton (D:5)
  5 kobolds
  A kobold zombie (D:3)
  12 rats
  2 bushes (D:2)
  2 toadstools (D:3)
112 creatures vanquished.

Vanquished Creatures (others)
  12 toadstools (D:3)
12 creatures vanquished.

Grand Total: 124 creatures vanquished

Notes
Turn   | Place    | Note
--------------------------------------------------------------
     0 | D:1      | Herrn, the Vine Stalker Fighter, began the quest for the Orb.
     0 | D:1      | Reached XP level 1. HP: 11/11 MP: 1/1
   103 | D:1      | Reached XP level 2. HP: 10/16 MP: 3/3
   308 | D:1      | Reached skill level 3 in Fighting
   781 | D:2      | Reached XP level 3. HP: 6/20 MP: 2/4
  1166 | D:2      | Reached XP level 4. HP: 8/24 MP: 2/5
  1171 | D:2      | Reached skill level 1 in Spellcasting
  1510 | D:2      | Found a sparkling altar of Nemelex Xobeh.
  1813 | D:3      | Reached XP level 5. HP: 28/28 MP: 9/9
  1849 | D:3      | Reached skill level 1 in Dodging
  1948 | D:3      | Found a blossoming altar of Fedhas.
  2421 | D:3      | Gained mutation: You heal very quickly. [vine stalker growth]
  2421 | D:3      | Reached XP level 6. HP: 29/33 MP: 9/11
  2616 | D:3      | Noticed an oklob plant
  2812 | D:4      | Reached skill level 4 in Fighting
  2977 | D:4      | Reached XP level 7. HP: 30/37 MP: 14/14
  3293 | D:4      | Found a staircase to the Ecumenical Temple.
  3333 | Temple   | Entered the Ecumenical Temple
  3400 | Temple   | Became a worshipper of Cheibriados the Contemplative
  3521 | D:5      | Entered Level 5 of the Dungeon
  3577 | D:5      | Got a brightly glowing silver amulet
  3716 | D:5      | Found a shimmering altar of Xom.
  3859 | D:5      | Identified the amulet "Shroplane" {Clar rN+ Dex-1 Int-1} (You found it on level 5 of the Dungeon)
  4132 | D:6      | Noticed a hippogriff
  4148 | D:6      | Killed a hippogriff
  4148 | D:6      | Gained mutation: You have razor-sharp teeth. [vine stalker growth]
  4148 | D:6      | Reached XP level 8. HP: 17/42 MP: 6/18
  4288 | D:6      | Found a snail-covered altar of Cheibriados.
  4289 | D:6      | Noticed Ijyb
  4300 | D:6      | Slain by an orc warrior

Action                   |  1- 3 |  4- 6 |  7- 9 || total
-------------------------+-------+-------+-------++-------
Melee: War axe           |   156 |   155 |   102 ||   413
  Use: Scroll            |       |       |     5 ||     5
       Potion            |       |       |     1 ||     1
  Eat: Chunk             |       |     5 |     3 ||     8
       Royal jelly       |       |     1 |       ||     1
       Pizza             |       |       |     1 ||     1
